 Dungeon Crawl Stone Soup version 0.27-a0-577-ge2a43ba0c9 (webtiles) character file.

Game seed: 749116060430752740

59036 Anon1729 the Zephyrmancer (level 15, -7/64 HPs)
             Began as a Kobold Air Elementalist on Mar 9, 2021.
             Was an Elder of Sif Muna.
             Mangled by a death yak (26 damage)
             ... on level 6 of the Lair of Beasts.
             The game lasted 02:04:02 (38399 turns).

Anon1729 the Zephyrmancer (KoAE)                   Turns: 38399, Time: 02:04:03

Health: -7/64      AC:  7    Str:  5    XL:     15   Next: 32%
Magic:  33/37      EV: 21    Int: 26    God:    Sif Muna [****..]
Gold:   1270       SH:  0    Dex: 18    Spells: 9/33 levels left

rFire    + + .     SeeInvis .   h - +10 hand axe of the Tent {pain, Int+2}
rCold    x . .     Faith    .   (shield restricted)
rNeg     + + .     Spirit   .   z - +2 leather armour {rF+}
rPois    +         Reflect  .   (no helmet)
rElec    +         Harm     .   w - scarf {shadows}
rCorr    .         Rampage  .   m - +0 pair of gloves of Fortitude {Regen+ Int+3 Stlth+}
Will     +....                  e - +0 pair of boots
Stlth    +++++++...             (no amulet)
HPRegen  1.20/turn              f - ring "Ballan" {Fire rPois rN++}
MPRegen  0.25/turn              M - ring of magical power

@: swift, slowed, slow
A: small, frail 1, nightstalker 3, electricity resistance, subdued magic 1
a: Renounce Religion, Channel Magic, Forget Spell, Divine Exegesis


You were on level 6 of the Lair of Beasts.
You worshipped Sif Muna.
Sif Muna was greatly pleased with you.
You visited 3 branches of the dungeon, and saw 18 of its levels.
You also visited: Gauntlet and Volcano.

You collected 1270 gold pieces.

Inventory:

Hand Weapons
 h - the +10 hand axe of the Tent (weapon) {pain, Int+2}
   (You found it on level 8 of the Dungeon)

   In the hands of one skilled in necromantic magic, it inflicts extra damage on
   living creatures.
   It affects your intelligence (+2).
 i - a +1 dagger of venom
 k - a +2 dagger of draining
 K - a +4 scimitar of flaming
 L - a +2 trident of flaming
 U - a +1 vampiric war axe
Missiles
 G - 15 curare-tipped darts
Armour
 a - a +0 robe
 e - a +0 pair of boots (worn)
 m - the +0 pair of gloves of Fortitude (worn) {Regen+ Int+3 Stlth+}
   (You found it in a Gauntlet)

   It affects your intelligence (+3).
   It increases your rate of regeneration.
   It makes you more stealthy.
 s - a +0 helmet
 t - a +0 pair of gloves
 w - a scarf of shadows (worn)
 z - a +2 leather armour of fire resistance (worn)
 C - a +0 cloak
Magical Staves
 D - a staff of air
 H - a staff of earth
Jewellery
 f - the ring "Ballan" (left hand) {Fire rPois rN++}
   (You found it in a Gauntlet)

   [ring of fire]

   It enhances your fire magic.
   It protects you from fire.
   It makes you vulnerable to cold.
   It protects you from poison.
   It greatly protects you from negative energy.
 g - a ring of ice
 p - a ring of see invisible
 r - a +6 ring of strength
 u - a ring of wizardry
 B - a +4 ring of evasion
 M - a ring of magical power (right hand)
 Q - a ring of protection from fire
Wands
 y - a wand of charming (1)
 E - a wand of paralysis (16)
 F - a wand of iceblast (14)
 I - a wand of random effects (21)
 O - a wand of polymorph (12)
 T - a wand of digging (9)
 W - a wand of mindburst (8)
Scrolls
 d - 2 scrolls of blinking
 n - 2 scrolls of amnesia
 q - 3 scrolls of immolation
 v - a scroll of silence {unknown}
 x - 3 scrolls of enchant armour
 J - 2 scrolls of fog
 N - a scroll of identify
 S - a scroll of enchant weapon
 V - 6 scrolls of fear
Potions
 b - a potion of might
 c - 2 potions of lignification
 l - 3 potions of haste
 o - 4 potions of resistance
 A - 3 potions of brilliance
 P - a potion of curing


   Skills:
 + Level 2.8 Armour
 + Level 11.7 Dodging
 + Level 13.0 Stealth
 + Level 9.9 Spellcasting
 + Level 9.8 Conjurations
 - Level 4.0 Summonings
 + Level 4.1 Transmutations
 * Level 13.3 Air Magic
 + Level 10.3 Invocations


You had 9 spell levels left.
You knew the following spells:

 Your Spells              Type           Power      Damage    Failure   Level
a - Shock                 Conj/Air       100%       1d9       1%          1
b - Swiftness             Air            59%        N/A       1%          2
c - Static Discharge      Conj/Air       54%        N/A       1%          3
d - Airstrike             Air            29%        N/A       1%          4
e - Lightning Bolt        Conj/Air       27%        1d43      1%          5
f - Summon Lightning Spi  Summ/Air       44%        N/A       1%          4
g - Irradiate             Conj/Tmut      19%        3d20      10%         5

Your spell library contained the following spells:

 Spells                   Type           Power      Damage    Failure   Level
 Passwall                 Tmut/Erth      15%        N/A       3%          2
 Sublimation of Blood     Necr           4%         N/A       10%         2
 Ignite Poison            Fire/Tmut/Pois 23%        N/A       11%         3
 Confusing Touch          Hex            9%         N/A       19%         3
 Gell's Gravitas          Tloc           4%         N/A       19%         3
 Petrify                  Tmut/Erth      18%        N/A       26%         4
 Blade Hands              Tmut           13%        N/A       32%         5
 Passage of Golubria      Tloc           N/A        N/A       54%         4
 Alistair's Intoxication  Tmut/Pois      12%        N/A       61%         5
 Yara's Violent Unravell  Hex/Tmut       9%         3d6       61%         5
 Summon Mana Viper        Hex/Summ       17%        N/A       63%         5
 Lee's Rapid Deconstruct  Erth           4%         3d6*      89%         5
 Metabolic Englaciation   Hex/Ice        4%         N/A       89%         5
 Eringya's Noxious Bog    Tmut/Pois      9%         N/A       99%         6
 Invisibility             Hex            9%         N/A       100%        6
 Summon Hydra             Summ           12%        N/A       100%        7


Dungeon Overview and Level Annotations

Branches:
Dungeon (11/15)            Temple (1/1) D:7            Lair (6/6) D:8
 Shoals (0/4) Lair:3        Snake (0/4) Lair:4        Slime (0/5) Lair:5
    Orc (0/2) D:9         Volcano (visited)         Gauntlet (visited)

Altars:
Ashenzari
Cheibriados
Dithmenos
Elyvilon
Fedhas
Makhleb
Okawaru
Ru
Sif Muna
Trog
Vehumet
Wu Jian
Xom
Zin
The Shining One

Annotations:
D:2 Sigmund
D:3 3 runed translucent doors, Grinder; wakim's ghost, amateur OpTm
D:6 1 runed translucent door, Edmund; Eustachio; Fenrir042's ghost, novice DsCj
D:8 Maggie
D:9 1 runed translucent door, bmj180's ghost, novice DrCj
D:11 Psyche
Lair:3 exclusions: downstairs and 1 more exclusion, Rupert


Innate Abilities, Weirdness & Mutations

You are small and have problems with some larger weapons.
You are completely attuned to the shadows.
You are frail. (-10% HP)
You are resistant to electric shocks. (rElec)
Your spells are a little easier to cast, but a little less powerful.


Message History

The bolt of lightning hits the yak!!!
You kill the yak!
Sif Muna accepts your kill.
You hear a roar!
You hear a croak.
You hear a bellow!
You hear a roar!
You start resting.
Magic restored.
You now have 1270 gold pieces (gained 11).
Found 30 stones.
A torpor snail comes into view.
The torpor snail moves out of view.
Casting: Lightning Bolt (dangerous; 1% risk of failure)
Confirm with . or Enter, or press ? or * to list all spells.
Aiming: Airstrike (safe; 1% risk of failure)
Press: ? - help, Dir - move target, f - death yak
Aim: a death yak (wandering, hasn't noticed you)
The air twists around and strikes the death yak!
The death yak bellows!
The death yak is lightly wounded.
You hear a bellow!
Being near the torpor snail leaves you feeling lethargic.
You feel yourself speed up. The death yak gores you!!
Being near the torpor snail leaves you feeling lethargic.
You feel yourself speed up.
Being near the torpor snail leaves you feeling lethargic.
You feel yourself speed up. The death yak completely misses you.
Being near the torpor snail leaves you feeling lethargic.
You feel yourself speed up.
Being near the torpor snail leaves you feeling lethargic.
You feel yourself speed up.
Being near the torpor snail leaves you feeling lethargic.
The death yak gores you!
Casting: Airstrike (safe; 1% risk of failure)
Confirm with . or Enter, or press ? or * to list all spells.
You feel quick. The death yak gores you!!
* * * LOW HITPOINT WARNING * * *
You hear a bellow!
The death yak gores you!!
You die...

.........#### #......##
###....# #......# #####
#....### ##8...##
###...#####.....## #...###
..........###....# #.P...#
..÷.^......###...# #..P#.#
.÷#####......#.w## #P...##
......#......##.Y# ##..####
..#...##8...###.@## ##...#.#
......#...#..##...# #.....##
.########...###...###....###
...##.....#..##...##.....#.#
...##......Y.##...#.......##
...##......#.............##
.###........#...#...P...#.#
.# ##....##..####........##
## #######...####......##


You could see a death yak and a torpor snail.

Vanquished Creatures
  A stone giant (Volcano)
  A minotaur (Gauntlet)
  5 hydras
  2 catoblepae
  An anaconda (Lair:6)
  10 death yaks
  3 two-headed ogres
  An alligator (Lair:6)
  Sonja (Lair:2)
  An unseen horror (D:11)
  Pikel (D:5)
  A lindwurm (Lair:6)
  2 manticores
  An oklob plant (Lair:5)
  5 black mambas
  20 elephants
  4 torpor snails
  2 molten gargoyles (Volcano)
  4 rime drakes
  12 cane toads
  An efreet (Volcano)
  9 komodo dragons
  3 polar bears
  A meliai zombie (D:11)
  3 dream sheep
  7 blink frogs
  2 wraiths (D:11)
  38 yaks
  12 wyverns
  2 fire bats (Volcano)
  8 basilisks
  A fire elemental (Volcano)
  Menkaure (D:6)
  A warg (D:9)
  6 nagas (Lair:4)
  14 water moccasins
  3 orc warriors
  3 black bears
  3 sky beasts
  3 ogres
  14 wolves
  5 centaurs
  3 phantoms
  3 lemures (D:5)
  A kobold brigand (D:11)
  14 bullfrogs
  2 earth elementals (Volcano)
  A wyvern skeleton (D:8)
  2 scorpions
  3 killer bees (D:10)
  11 wights
  6 electric eels
  2 howler monkeys
  5 lava snakes (Volcano)
  A crimson imp (D:6)
  4 bullfrog zombies
  8 orc priests
  2 bullfrog skeletons (D:10)
  4 centaur skeletons
  4 hounds
  An iguana (D:5)
  13 orc wizards
  3 worker ants
  8 hell rats
  Natasha (D:2)
  Robin (D:2)
  A worker ant zombie (D:11)
  6 adders
  A howler monkey skeleton (D:10)
  3 white imps
  2 ufetubi
  An ooze (D:1)
  An adder zombie (D:7)
  4 dart slugs
  3 leopard geckos
  52 orcs
  3 ball pythons
  5 giant cockroaches
  19 goblins
  12 hobgoblins
  16 jackals
  14 kobolds
  5 quokkas
  A ball python skeleton (D:4)
  13 bats
  6 frilled lizards
  2 quokka zombies
  7 rats
498 creatures vanquished.

Vanquished Creatures (collateral kills)
  3 hydras
  A death yak (Lair:6)
  4 blink frogs (Lair:5)
  4 yaks (Lair:5)
  A water moccasin (Lair:5)
13 creatures vanquished.

Vanquished Creatures (others)
  A bush (Lair:4)
  75 fungi
  101 plants
177 creatures vanquished.

Grand Total: 688 creatures vanquished

Notes
Turn   | Place    | Note
-------+----------+-------------------------------------------
     0 | D:1      | Anon1729 the Kobold Air Elementalist began the quest for
                  | the Orb.
     0 | D:1      | Reached XP level 1. HP: 10/10 MP: 3/3
   375 | D:1      | Reached XP level 2. HP: 15/15 MP: 3/5
   705 | D:1      | Reached XP level 3. HP: 19/19 MP: 1/6
  1644 | D:2      | Found a blossoming altar of Fedhas.
  1756 | D:2      | Reached XP level 4. HP: 19/24 MP: 8/8
  2157 | D:2      | Noticed Robin
  2169 | D:2      | Killed Robin
  2940 | D:2      | Noticed Sigmund
  3119 | D:2      | Learned a level 2 spell: Swiftness
  3123 | D:2      | Learned a level 3 spell: Static Discharge
  3147 | D:2      | Found a shimmering blue altar of Sif Muna.
  3186 | D:2      | Reached XP level 5. HP: 28/28 MP: 9/9
  3277 | D:2      | Found a sacrificial altar of Ru.
  3293 | D:2      | Noticed Natasha
  3296 | D:2      | Killed Natasha
  3349 | D:2      | Became a worshipper of Sif Muna the Loreminder
  3522 | D:3      | Found a glowing golden altar of the Shining One.
  3522 | D:3      | Found an iron altar of Okawaru.
  4068 | D:3      | Found a glowing silver altar of Zin.
  4167 | D:3      | Reached XP level 6. HP: 28/32 MP: 2/10
  4241 | D:3      | Found a bloodstained altar of Trog.
  4444 | D:3      | Noticed Grinder
  4570 | D:3      | Reached skill level 1 in Invocations
  4793 | D:3      | Found a runed translucent gate.
  4793 | D:3      | Found a runed translucent gate.
  4794 | D:3      | Found a runed translucent gate.
  4798 | D:3      | Noticed wakim's ghost (amateur OpTm)
  4919 | D:3      | Found a broken altar of Ashenzari.
  5210 | D:3      | Learned a level 4 spell: Airstrike
  5287 | D:4      | Reached * piety under Sif Muna
  5445 | D:4      | Found a shadowy altar of Dithmenos.
  5997 | D:5      | Entered Level 5 of the Dungeon
  6285 | D:4      | Reached XP level 7. HP: 36/36 MP: 6/12
  6954 | D:5      | Reached skill level 5 in Air Magic
  7331 | D:5      | Noticed Pikel
  7402 | D:5      | You fall into a shaft and drop 2 floors!
  7527 | D:7      | Noticed a two-headed ogre
  7594 | D:6      | Reached skill level 5 in Dodging
  7594 | D:6      | Reached XP level 8. HP: 31/41 MP: 5/14
  7972 | D:5      | HP: 2/41 [poisoned by a worker ant]
  8913 | D:6      | Noticed Edmund
  9047 | D:6      | Learned a level 5 spell: Lightning Bolt
  9067 | D:6      | Noticed Menkaure
  9072 | D:6      | Killed Menkaure
  9073 | D:6      | Reached skill level 5 in Stealth
  9279 | D:6      | Reached ** piety under Sif Muna
  9433 | D:6      | Found a radiant altar of Vehumet.
  9433 | D:6      | Found a burning altar of Makhleb.
  9536 | D:6      | Found a runed translucent door.
  9537 | D:6      | Noticed Fenrir042's ghost (novice DsCj)
  9537 | D:6      | Noticed a cyclops
  9622 | D:6      | Noticed Eustachio
  9953 | D:5      | Killed Pikel
  9954 | D:5      | Reached XP level 9. HP: 45/45 MP: 2/16
 10054 | D:5      | Found a white marble altar of Elyvilon.
 10056 | D:5      | Found a shimmering altar of Xom.
 10058 | D:5      | Found a snail-covered altar of Cheibriados.
 10512 | D:7      | Reached skill level 5 in Spellcasting
 10815 | D:7      | Killed a two-headed ogre
 10816 | D:7      | Reached skill level 5 in Conjurations
 11090 | D:7      | Reached XP level 10. HP: 50/50 MP: 13/18
 11306 | D:7      | Reached skill level 5 in Invocations
 11398 | D:7      | Found a staircase to the Ecumenical Temple.
 11544 | Temple   | Entered the Ecumenical Temple
 11938 | D:7      | Found an ornate altar of the Wu Jian Council.
 12119 | D:8      | Noticed Maggie
 12170 | D:8      | Noticed an elephant
 12171 | D:8      | Found a staircase to the Lair.
 12568 | D:8      | Identified the +10 hand axe of the Tent {pain, Int+2}
 12633 | D:8      | Killed an elephant
 12882 | D:8      | Noticed a two-headed ogre
 13229 | D:8      | Killed a two-headed ogre
 14008 | D:9      | Found a staircase to the Orcish Mines.
 14246 | D:9      | Reached *** piety under Sif Muna
 14337 | D:9      | Noticed a two-headed ogre
 14346 | D:9      | Reached XP level 11. HP: 49/54 MP: 1/20
 14812 | D:9      | Killed a two-headed ogre
 15174 | D:9      | Found a runed translucent door.
 15175 | D:9      | Noticed bmj180's ghost (novice DrCj)
 15576 | D:10     | Entered Level 10 of the Dungeon
 17354 | D:11     | Noticed an unseen horror
 17923 | D:11     | Reached **** piety under Sif Muna
 18019 | D:11     | Noticed a manticore
 18142 | D:11     | Killed an unseen horror
 18143 | D:11     | Noticed a purple ugly thing
 18729 | D:11     | Noticed a cyan ugly thing
 18792 | D:11     | Noticed Psyche
 19085 | D:11     | Noticed a manticore
 19194 | D:11     | Killed a manticore
 19514 | Lair:1   | Entered Level 1 of the Lair of Beasts
 19537 | Lair:1   | Reached skill level 10 in Air Magic
 20484 | Lair:1   | Reached XP level 12. HP: 52/59 MP: 9/23
 21144 | Lair:2   | Noticed a six-headed hydra
 21309 | Lair:3   | Found a gate leading to a gauntlet.
 21314 | Gauntlet | Entered a Gauntlet
 21314 | Gauntlet | Found a transporter.
 21321 | Gauntlet | Found a transporter.
 21385 | Gauntlet | Noticed a sixfirhy
 21387 | Gauntlet | Noticed a sixfirhy
 21387 | Gauntlet | Noticed a sixfirhy
 21388 | Gauntlet | Found a transporter.
 21401 | Gauntlet | Found a large runed translucent door.
 21401 | Gauntlet | Found a large runed translucent door.
 21402 | Gauntlet | Noticed a sixfirhy
 21404 | Gauntlet | Found a large runed translucent door.
 21404 | Gauntlet | Found a large runed translucent door.
 21416 | Gauntlet | Found a runed translucent door.
 21419 | Gauntlet | Found a transporter.
 21433 | Gauntlet | Found a transporter.
 21439 | Gauntlet | Noticed a cacodemon
 21461 | Gauntlet | Noticed a blizzard demon
 21464 | Gauntlet | Found a transporter.
 21464 | Gauntlet | Found a transporter.
 21466 | Gauntlet | Noticed a thrashing horror
 21471 | Gauntlet | Found a large runed translucent door.
 21471 | Gauntlet | Found a large runed translucent door.
 21472 | Gauntlet | Found a large runed translucent door.
 21472 | Gauntlet | Found a large runed translucent door.
 21476 | Gauntlet | Found a large runed translucent door.
 21476 | Gauntlet | Found a large runed translucent door.
 21488 | Gauntlet | Found a transporter.
 21497 | Gauntlet | Noticed a thrashing horror
 21623 | Gauntlet | Found a runed translucent gate.
 21623 | Gauntlet | Found a runed translucent gate.
 21623 | Gauntlet | Found a runed translucent gate.
 21634 | Gauntlet | Found a large runed translucent door.
 21635 | Gauntlet | Found a large runed translucent door.
 21662 | Gauntlet | Noticed a green death
 21672 | Gauntlet | Found a transporter.
 21696 | Gauntlet | Found a transporter.
 21696 | Gauntlet | Found a transporter.
 21699 | Gauntlet | Found a runed translucent door.
 21711 | Gauntlet | Found a runed translucent door.
 21775 | Gauntlet | Found a transporter.
 21806 | Gauntlet | Found a large runed translucent door.
 21808 | Gauntlet | Found a large runed translucent door.
 21809 | Gauntlet | Found a runed translucent door.
 21809 | Gauntlet | Found a runed translucent door.
 21889 | Gauntlet | Identified the ring "Ballan" {Fire rPois rN++}
 21959 | Gauntlet | Identified the +0 pair of gloves of Fortitude {Regen+ Int+3
                  | Stlth+}
 22007 | Gauntlet | Noticed a minotaur
 22087 | Gauntlet | Killed a minotaur
 22088 | Gauntlet | Reached skill level 10 in Stealth
 22093 | Gauntlet | Identified the Reference Book on Changing
 22496 | Lair:3   | Noticed Rupert
 23138 | Lair:2   | Noticed Sonja
 23152 | Lair:2   | Killed Sonja
 23470 | Lair:2   | Found a shimmering blue altar of Sif Muna.
 23580 | Lair:2   | Killed a six-headed hydra
 24645 | Lair:2   | You fall into a shaft and drop 1 floor!
 25000 | Lair:3   | Reached XP level 13. HP: 63/63 MP: 14/25
 25680 | Lair:3   | Noticed a seven-headed hydra
 25755 | Lair:3   | Reached skill level 10 in Dodging
 26204 | Lair:4   | Noticed a five-headed hydra
 26240 | Lair:4   | Killed a five-headed hydra
 28556 | Lair:4   | Found a staircase to the Snake Pit.
 29212 | Lair:5   | Identified the Grimoire of Slavery
 29219 | Lair:5   | Learned a level 4 spell: Summon Lightning Spire
 29225 | Lair:5   | Learned a level 5 spell: Irradiate
 29315 | Lair:5   | Noticed a five-headed hydra
 29372 | Lair:5   | Killed a five-headed hydra
 29525 | Lair:5   | Noticed an eight-headed hydra
 29537 | Lair:5   | Killed an eight-headed hydra
 29552 | Lair:5   | Gained mutation: You have a pair of small horns on your
                  | head. [mutagenic glow]
 29554 | Lair:5   | Reached skill level 1 in Transmutations
 29563 | Lair:5   | Gained mutation: Your spells are a little easier to cast,
                  | but a little less powerful. [mutagenic glow]
 29679 | Lair:5   | Found a staircase to the Slime Pits.
 29680 | Lair:5   | Lost mutation: You have a pair of small horns on your head.
                  | [potion of mutation]
 29680 | Lair:5   | Gained mutation: You are frail. (-10% HP) [potion of
                  | mutation]
 29680 | Lair:5   | Gained mutation: You are resistant to electric shocks.
                  | (rElec) [potion of mutation]
 29729 | Lair:5   | Reached skill level 1 in Summonings
 31292 | Lair:6   | Entered Level 6 of the Lair of Beasts
 31312 | Lair:5   | Reached XP level 14. HP: 5/61 MP: 6/27
 31844 | Lair:6   | Found a dark tunnel.
 31849 | Volcano  | Entered a volcano
 32304 | Volcano  | Found a burning altar of Makhleb.
 32680 | Volcano  | Noticed a stone giant
 32876 | Volcano  | Killed a stone giant
 33707 | Lair:6   | Reached skill level 1 in Armour
 34035 | Lair:4   | HP: 1/61 [seven-headed hydra (8)]
 35160 | Lair:6   | Reached skill level 10 in Invocations
 36015 | Lair:6   | Reached XP level 15. HP: 49/64 MP: 4/28
 38399 | Lair:6   | Mangled by a death yak

Illustrated notes

Levels and vault maps discovered:
D:1:      amcnicky_arrival_choice, layout_loops_ring
D:2:      cheibrodos_helix_gallery, layout_loops_corners,
          yredelemnul_altar_generic, fedhas_altar_2, lemuel_doored_altar,
          roderic_serpentine_path, kennysheep_nondescript,
          kennysheep_flooded_box, led_sif_pool, uniq_sigmund, uniq_robin,
          uniq_natasha
D:3:      layout_loops_corners, cheibrodos_ashenzari_chains, old_standard_altar,
          overflow_temple_1_default, gammafunk_temple_overflow_elements,
          gammafunk_ghost_split, uniq_grinder
D:4:      layout_rooms, grunt_dithmenos_smoke_and_mirrors
D:5:      layout_cave_pools, minitemple, chequers_garden,
          mrwooster_statue_mirror, uniq_pikel
D:6:      layout_cave_pods, grunt_temple_overflow_lords_of_destruction,
          ebering_ghost_inner_flame, uniq_menkaure, uniq_edmund, uniq_eustachio
D:7:      layout_loops_ring, nicolae_overflow_hidden_temple, temple_pool_b
D:8:      layout_loops_cross, david_lair_generic, kennysheep_boxes, uniq_maggie
D:9:      layout_loops_cross, erik_orc_4, ebering_ghost_reflecting_pool
D:10:     layout_loops_ring
D:11:     layout_big_octagon, minmay_shattered_shrine, uniq_psyche,
          uniq_nergalle
Temple:   corrupted_temple
Lair:1:   layout_cellular_growth
Lair:2:   layout_hall_layers, basic_altar, st_stairs_4, grunt_megastairs_2,
          uniq_sonja
Lair:3:   layout_regular_city, minmay_shoals_entry_hut, gauntlet_entry_generic,
          uniq_rupert
Lair:4:   layout_hall_layers, minmay_snake_entry_guardpost_large,
          beast_lair_carwin_8
Lair:5:   layout_long_grid, minmay_slime_entry_oklob_enclosed,
          lemuel_fruit_tree, serial_bayou_shore_b, infiniplex_staircase_pool,
          serial_bayou_shore_b
Lair:6:   hangedman_lair_in_review, layout_cave_pods,
          nicolae_volcano_entry_lava_flow, hangedman_lair_generics_rect

Skill      XL: |  1  2  3  4  5  6  7  8  9 10 11 12 13 14 15 |
---------------+----------------------------------------------+-----
Stealth        | 3 4 5 6 8 9 11 12 13 | 13.0
Dodging        | 3 4 5 6 7 8 9 10 11 | 11.7
Conjurations   | 2 3 4 5 6 7 8 9 |  9.8
Spellcasting   | 3 4 5 6 7 8 9 |  9.9
Invocations    | 1 2 4 6 7 8 9 10 | 10.3
Air Magic      | 4 5 6 7 8 10 11 12 13 | 13.3
Transmutations | 1 3 4 |  4.1
Summonings     | 1 3 4 |  4.0
Armour         | 2 |  2.8

Action                   |  1- 3 |  4- 6 |  7- 9 | 10-12 | 13-15 || total
-------------------------+-------+-------+-------+-------+-------++-------
Melee: Unarmed           |    37 |       |       |       |       ||    37
       Dagger            |    10 |    89 |    48 |    18 |       ||   165
       Hand axe          |       |       |       |   185 |   103 ||   288
 Cast: Shock             |    68 |   121 |    82 |    81 |     8 ||   360
       Airstrike         |       |       |    37 |   190 |   337 ||   564
       Swiftness         |       |       |     3 |     7 |    15 ||    25
       Lightning Bolt    |       |       |     7 |    38 |   112 ||   157
       Static Discharge  |       |       |       |    23 |     4 ||    27
       Summon Lightning  |       |       |       |       |    17 ||    17
       Irradiate         |       |       |       |       |     4 ||     4
       Summon Hydra      |       |       |       |       |     2 ||     2
Invok: Channel Magic     |       |       |       |     2 |     5 ||     7
       Divine Exegesis   |       |       |       |       |     2 ||     2
Evoke: Wand              |       |       |       |     4 |     5 ||     9
  Use: Scroll            |       |       |       |    17 |     3 ||    20
       Potion            |       |       |       |     2 |     7 ||     9
 Stab: Sleeping          |     2 |    11 |     3 |     6 |     1 ||    23
       Distracted        |       |       |       |     1 |       ||     1
Armor: Robe              |    17 |    12 |    17 |    46 |    13 ||   105
       Skin              |       |       |       |       |    17 ||    17
       Leather armour    |       |       |       |       |    29 ||    29
Dodge: Dodged            |    65 |   116 |    77 |   362 |   352 ||   972

Table legend: (Time is in decaauts)
 A = Elapsed time spent in this place.
 B = Non-inter-level travel time spent in this place.
 C = Inter-level travel time spent in this place.
 D = Time resting spent in this place.
 E = Time spent auto-exploring this place.
 F = Levels seen in this place.
 G = Mean time per level.
                   A        B        C        D        E       F      G
               +--------+--------+--------+--------+--------+-----+--------+
         Total |  38543 |  37367 |   1176 |  13010 |  17994 |  20 | 1927.2 |
       Dungeon |  19441 |  18845 |    596 |   5923 |  10149 |  11 | 1767.4 |
        Temple |    131 |    131 |      0 |    130 |      0 |   1 |  131.0 |
          Lair |  16913 |  16334 |    579 |   6504 |   7422 |   6 | 2818.8 |
       Volcano |   1115 |   1115 |      0 |    369 |      0 |   1 | 1115.0 |
      Gauntlet |    940 |    940 |      0 |     84 |    422 |   1 |  940.0 |
               +--------+--------+--------+--------+--------+-----+--------+

Top non-repeatable levels by time:
  Lair:6: 4182 daAuts
  Lair:5: 3432 daAuts
  Lair:4: 3375 daAuts
  Lair:3: 2187 daAuts
     D:5: 2054 daAuts
     D:9: 2004 daAuts
    D:10: 1949 daAuts
  Lair:1: 1923 daAuts
     D:2: 1883 daAuts
  Lair:2: 1812 daAuts
     D:7: 1797 daAuts
    D:11: 1766 daAuts
     D:6: 1740 daAuts
     D:3: 1715 daAuts
     D:8: 1701 daAuts
